 Dungeon Sprint DCSS version 0.17-a0-1646-geb1493d (webtiles) character file.

15300000 nuthulu the Conqueror (level 27, -53/273 HPs)
             Began as a Ghoul Monk on Aug 11, 2015.
             Was the Champion of Makhleb.
             Killed by the air
             ... invoked by The Meatlord
              (86 damage)
             ... in the Dungeon (Sprint VIII: "Arena of Blood").
             The game lasted 00:04:47 (153 turns).

nuthulu the Conqueror (Ghoul Monk)                   Turns: 153, Time: 00:04:47

Health: -53/273    AC:  4    Str: 22    XL:     27
Magic:  51/53      EV: 33    Int:  5    God:    Makhleb [******]
Gold:   0          SH:  0    Dex: 17    Spells: 0 memorised, 80 levels left

rFire  . . .     SeeInvis .     i - +∞ Axe of Woe
rCold  + . .     Clarity  .     a - +0 robe
rNeg   + + +     SustAt   .     (no shield)
rPois  ∞         Gourm    .     (no helmet)
rElec  .         Spirit   .     (no cloak)
rCorr  .         Warding  .     (no gloves)
rMut   .         NoTele   +     (no boots)
MR     ++...                    (no amulet)
Stlth  +++++++++.               (no ring)
                                (no ring)

@: rotting, slowed, very slow, very resistant to hostile enchantments,
incredibly stealthy
A: rotting body, claws 1, carnivore 3, cold resistance 1, negative energy
resistance 3, slow healing 1, torment resistance, unbreathing
a: Minor Destruction, Lesser Servant of Makhleb, Major Destruction, Greater
Servant of Makhleb, Renounce Religion


You were in the Dungeon.
You worshipped Makhleb.
Makhleb was exalted by your worship.
You were not hungry.

You visited 1 branch

Inventory:

Hand weapons
 i - the +∞ Axe of Woe (weapon)
   (You found it in the Dungeon)
Armour
 a - a +0 robe (worn)
Scrolls
 h - a scroll of blinking
Potions
 c - a potion of curing
 d - a potion of heal wounds
 e - a potion of haste
 f - 2 potions of magic
 g - a potion of berserk rage
Comestibles
 b - a meat ration


   Skills:
 O Level 27 Fighting
 O Level 27 Axes
 O Level 27 Throwing
 O Level 27 Armour
 O Level 27 Dodging
 O Level 27 Stealth
 O Level 27 Unarmed Combat
 O Level 27 Spellcasting
 O Level 27 Invocations


You had 80 spell levels left.
You didn't know any spells.

Dungeon Overview and Level Annotations

Branches:
Dungeon (1/1)

Altars:
Makhleb

Annotations:
D The Meatlord


Innate Abilities, Weirdness & Mutations

Your body is rotting away.
You thrive on raw meat.
You are immune to poison.
You have sharp fingernails.
You are carnivorous and can eat meat at any time.
Your flesh is cold resistant.
You are immune to negative energy.
You heal slowly when monsters are visible.
You are immune to unholy pain and torment.
You can survive without breathing.


Message History

The eight-headed meat hydra is engulfed in roaring flames.
You hear a shout! x4
The accursed gestures at you while chanting.
Something smites you!
You hear a shout!
Really walk into that cloud of flame?
Okay, then.
Unknown command.
Unknown command.
Really walk into that cloud of flame?
Okay, then.
You hear a shout! x4
Something hits you.
You hear a shout! x2
You convulse!
* * * LOW HITPOINT WARNING * * *
You hear a shout! x5
The Meatlord waves his arms in wide circles.
The air twists around and strikes you!
You die...

....... .. .....
.. #.... .# %.
#..o .%#
.%V###... .%###.
........###..%...
#.M.§%DDM_.......
....#{)%%%#.... .
#@)<._# . #))&.%#
.o{.§%)._..%...
.......###..%.%.
O.###%.. ..###. .
#.%. ..# #... ..#
..... .. ....


You could see The Meatlord, an accursed, 2 eight-headed meat hydras and a bag of
meat.

Vanquished Creatures
  4 hell knights (D)
  10 hell beasts (D)
  5 greater mummies (D)
  7 great orbs of eyes (D)
  3 wraiths (D)
  11 vampire knights (D)
  29 ogres (D)
  3 liches (D)
  3 hydras (D)
  49 orcs (D)
  5 phantoms (D)
  7 hill giants (D)
  6 skeletal warriors (D)
  3 sea snakes (D)
  8 large abominations (D)
  A small abomination (D)
  5 crawling corpses (D)
159 creatures vanquished.

Vanquished Creatures (others)
  2 crawling corpses (D)
2 creatures vanquished.

Grand Total: 161 creatures vanquished

Notes
Turn   | Place    | Note
--------------------------------------------------------------
     0 | D        | nuthulu the Ghoul Monk began the quest for the Orb.
     0 | D        | Reached XP level 1. HP: 19/19 MP: 0/0
     4 | D        | Became a worshipper of Makhleb the Destroyer
     4 | D        | Acquired Makhleb's first power
     4 | D        | Acquired Makhleb's second power
     5 | D        | Noticed a bag of meat
     5 | D        | Noticed a bag of meat
     9 | D        | Noticed a bag of meat
    11 | D        | Killed a bag of meat
    11 | D        | Reached skill level 15 in Fighting
    11 | D        | Reached XP level 2. HP: 22/49 MP: 1/1
    11 | D        | Reached XP level 3. HP: 25/56 MP: 2/2
    11 | D        | Reached XP level 4. HP: 28/63 MP: 3/3
    11 | D        | Reached XP level 5. HP: 31/70 MP: 4/4
    11 | D        | Reached XP level 6. HP: 34/78 MP: 5/5
    11 | D        | Reached XP level 7. HP: 36/84 MP: 6/6
    11 | D        | Reached XP level 8. HP: 39/93 MP: 7/7
    11 | D        | Reached XP level 9. HP: 41/100 MP: 8/8
    11 | D        | Reached XP level 10. HP: 43/107 MP: 9/9
    11 | D        | Reached XP level 11. HP: 45/114 MP: 10/10
    11 | D        | Reached XP level 12. HP: 48/122 MP: 11/11
    12 | D        | Noticed a bag of meat
    12 | D        | Noticed a meat berserker
    12 | D        | Noticed a meat berserker
    12 | D        | Killed a bag of meat
    12 | D        | Reached skill level 18 in Fighting
    12 | D        | Reached skill level 15 in Axes
    12 | D        | Reached skill level 15 in Armour
    12 | D        | Reached skill level 15 in Dodging
    12 | D        | Reached XP level 13. HP: 50/134 MP: 12/12
    13 | D        | Killed a meat berserker
    13 | D        | Acquired Makhleb's third power
    13 | D        | Reached skill level 20 in Fighting
    13 | D        | Reached XP level 14. HP: 110/149 MP: 13/13
    14 | D        | Noticed a bag of meat
    14 | D        | Killed a meat berserker
    14 | D        | Reached skill level 22 in Fighting
    14 | D        | Reached XP level 15. HP: 155/162 MP: 14/14
    15 | D        | Noticed a bag of meat
    15 | D        | Noticed a meat berserker
    16 | D        | Noticed a bag of meat
    16 | D        | Noticed a bag of meat
    17 | D        | Noticed a bag of meat
    18 | D        | Killed a meat berserker
    18 | D        | Acquired Makhleb's fourth power
    18 | D        | Reached skill level 24 in Fighting
    18 | D        | Reached XP level 16. HP: 163/176 MP: 15/15
    18 | D        | Killed a bag of meat
    18 | D        | Reached skill level 25 in Fighting
    18 | D        | Killed a bag of meat
    18 | D        | Reached skill level 26 in Fighting
    18 | D        | Reached XP level 17. HP: 185/188 MP: 16/16
    19 | D        | Noticed a bag of meat
    19 | D        | Killed a bag of meat
    19 | D        | Acquired Makhleb's fifth power
    19 | D        | Killed a bag of meat
    19 | D        | Reached skill level 27 in Fighting
    20 | D        | Noticed a bag of meat
    20 | D        | Noticed a destroyer
    21 | D        | Noticed a bag of meat
    21 | D        | Noticed a bag of meat
    21 | D        | Killed a bag of meat
    21 | D        | Reached XP level 18. HP: 200/200 MP: 17/17
    22 | D        | Killed a bag of meat
    22 | D        | Killed a bag of meat
    24 | D        | Noticed a large bag of meat
    24 | D        | Killed a bag of meat
    25 | D        | Noticed a large bag of meat
    26 | D        | Noticed a meat berserker
    26 | D        | Killed a bag of meat
    26 | D        | Reached skill level 27 in Axes
    26 | D        | Reached skill level 27 in Armour
    26 | D        | Reached skill level 27 in Dodging
    26 | D        | Reached skill level 5 in Invocations
    26 | D        | Reached XP level 19. HP: 207/207 MP: 17/24
    26 | D        | Killed a bag of meat
    26 | D        | Reached skill level 10 in Stealth
    26 | D        | Reached skill level 10 in Unarmed Combat
    26 | D        | Killed a bag of meat
    26 | D        | Reached skill level 10 in Throwing
    27 | D        | Noticed a meat berserker
    27 | D        | Killed a large bag of meat
    27 | D        | Reached skill level 10 in Spellcasting
    27 | D        | Killed a meat berserker
    27 | D        | Reached XP level 20. HP: 216/216 MP: 17/35
    28 | D        | Noticed a meat berserker
    28 | D        | Killed a destroyer
    28 | D        | Reached skill level 15 in Spellcasting
    29 | D        | Noticed a large bag of meat
    29 | D        | Killed a meat berserker
    29 | D        | Reached XP level 21. HP: 189/224 MP: 17/40
    30 | D        | Noticed a bag of meat
    31 | D        | Noticed a bag of meat
    31 | D        | Noticed a meat berserker
    31 | D        | Killed a large bag of meat
    31 | D        | Killed a large bag of meat
    33 | D        | Noticed a bag of meat
    33 | D        | Noticed a bag of meat
    33 | D        | Noticed a bag of meat
    33 | D        | Noticed a large bag of meat
    33 | D        | Noticed a meat berserker
    33 | D        | Killed a meat berserker
    35 | D        | Noticed a bag of meat
    35 | D        | Noticed a meat berserker
    35 | D        | Killed a bag of meat
    36 | D        | Noticed a large bag of meat
    36 | D        | Noticed a sculptor of flesh
    36 | D        | Killed a meat berserker
    36 | D        | Reached skill level 27 in Stealth
    36 | D        | Reached XP level 22. HP: 233/233 MP: 19/45
    36 | D        | Killed a meat berserker
    36 | D        | Reached skill level 27 in Unarmed Combat
    38 | D        | Noticed a sculptor of flesh
    38 | D        | Noticed a bag of meat
    38 | D        | Noticed a destroyer
    38 | D        | Noticed a destroyer
    38 | D        | Killed a large bag of meat
    38 | D        | Reached skill level 27 in Invocations
    39 | D        | Killed a bag of meat
    39 | D        | Killed a sculptor of flesh
    39 | D        | Reached XP level 23. HP: 225/240 MP: 19/50
    40 | D        | Killed a bag of meat
    40 | D        | Reached skill level 27 in Throwing
    40 | D        | Killed a sculptor of flesh
    41 | D        | Noticed a meat berserker
    41 | D        | Killed a bag of meat
    41 | D        | Reached skill level 27 in Spellcasting
    42 | D        | Killed a meat berserker
    43 | D        | Noticed a meat berserker
    43 | D        | Noticed a bag of meat
    43 | D        | Killed a bag of meat
    44 | D        | Noticed a bag of meat
    44 | D        | Killed a destroyer
    44 | D        | Reached XP level 24. HP: 249/249 MP: 20/53
    45 | D        | Noticed a bag of meat
    45 | D        | Killed a bag of meat
    45 | D        | Noticed a bag of meat
    46 | D        | Noticed a meat berserker
    46 | D        | Killed a bag of meat
    47 | D        | Killed a meat berserker
    48 | D        | Killed a meat berserker
    48 | D        | Reached XP level 25. HP: 257/257 MP: 21/53
    48 | D        | Killed a bag of meat
    49 | D        | Killed a meat berserker
    50 | D        | Noticed a sculptor of flesh
    50 | D        | Killed a large bag of meat
    51 | D        | Noticed a meat berserker
    52 | D        | Noticed a tyrant
    52 | D        | Killed a bag of meat
    52 | D        | Killed a meat berserker
    52 | D        | Reached XP level 26. HP: 266/266 MP: 22/53
    52 | D        | Killed a bag of meat
    54 | D        | Killed a bag of meat
    54 | D        | Killed a sculptor of flesh
    55 | D        | Noticed a meat berserker
    56 | D        | Noticed a destroyer
    56 | D        | Noticed a bag of meat
    56 | D        | Killed a destroyer
    57 | D        | Noticed a meat berserker
    58 | D        | Noticed a bag of meat
    58 | D        | Killed a bag of meat
    59 | D        | Noticed a meat berserker
    60 | D        | Noticed a bag of meat
    60 | D        | Killed a tyrant
    60 | D        | Reached XP level 27. HP: 269/273 MP: 24/53
    60 | D        | Killed a meat berserker
    61 | D        | Killed a meat berserker
    61 | D        | Killed a bag of meat
    62 | D        | Noticed a meat berserker
    62 | D        | Noticed an accursed
    62 | D        | Noticed a bag of meat
    62 | D        | Noticed an accursed
    63 | D        | Noticed a bag of meat
    63 | D        | Killed a bag of meat
    64 | D        | Noticed a sculptor of flesh
    64 | D        | Noticed a sculptor of flesh
    64 | D        | Killed a meat berserker
    64 | D        | Killed a meat berserker
    66 | D        | Killed an accursed
    67 | D        | Killed a bag of meat
    68 | D        | Noticed a dread
    68 | D        | Killed a destroyer
    69 | D        | Noticed a dread
    70 | D        | Noticed a bag of meat
    70 | D        | Killed a bag of meat
    72 | D        | Killed a sculptor of flesh
    72 | D        | Killed a dread
    73 | D        | Noticed a destroyer
    73 | D        | Killed an accursed
    74 | D        | Killed a bag of meat
    76 | D        | Killed a dread
    76 | D        | Killed a destroyer
    77 | D        | Killed a sculptor of flesh
    79 | D        | Noticed a meat beast
    80 | D        | Noticed a meat beast
    81 | D        | Noticed a bag of meat
    81 | D        | Noticed a bag of meat
    81 | D        | Noticed a bag of meat
    81 | D        | Noticed an accursed
    81 | D        | Killed a meat beast
    82 | D        | Noticed a meat berserker
    82 | D        | Noticed a destroyer
    82 | D        | Noticed a bag of meat
    82 | D        | Noticed a destroyer
    82 | D        | Killed a meat beast
    83 | D        | Killed a bag of meat
    84 | D        | Killed a meat berserker
    90 | D        | Noticed a meat berserker
    91 | D        | Killed an accursed
    91 | D        | Killed a meat berserker
    92 | D        | Noticed a meat beast
    92 | D        | Killed a meat beast
    93 | D        | Killed a destroyer
    95 | D        | Noticed a bag of meat
    96 | D        | Killed a wretched soul
    96 | D        | Killed a wretched soul
    97 | D        | Killed a bag of meat
    97 | D        | Killed an observer
    97 | D        | Killed a destroyer
    98 | D        | Noticed a bag of meat
    98 | D        | Noticed a bag of meat
    98 | D        | Noticed a destroyer
    98 | D        | Noticed a destroyer
    98 | D        | Noticed an accursed
    99 | D        | Noticed a bag of meat
    99 | D        | Noticed a bag of meat
    99 | D        | Noticed a meat beast
    99 | D        | Killed a bag of meat
    99 | D        | Killed an observer
   100 | D        | Noticed a bag of meat
   100 | D        | Noticed a meat beast
   100 | D        | Killed a destroyer
   100 | D        | Killed a wretched soul
   100 | D        | Killed a destroyer
   101 | D        | Killed a bag of meat
   102 | D        | Noticed a meat berserker
   102 | D        | Noticed a bag of meat
   103 | D        | Killed a meat beast
   103 | D        | Killed an observer
   104 | D        | Killed a meat beast
   105 | D        | Killed a bag of meat
   106 | D        | Killed an observer
   108 | D        | Killed a wretched soul
   109 | D        | Noticed a bag of meat
   110 | D        | Noticed a meat berserker
   110 | D        | Noticed a meat berserker
   110 | D        | Noticed a meat berserker
   111 | D        | Killed a bag of meat
   111 | D        | Killed a bag of meat
   113 | D        | Noticed a tyrant
   114 | D        | Noticed a bag of meat
   114 | D        | Noticed a large bag of meat
   114 | D        | Noticed a destroyer
   114 | D        | Killed a meat berserker
   114 | D        | Killed a meat berserker
   114 | D        | Noticed a bag of meat
   115 | D        | Noticed a meat berserker
   115 | D        | Killed a meat berserker
   116 | D        | Noticed a large bag of meat
   117 | D        | Noticed a dread
   117 | D        | Noticed a bag of meat
   117 | D        | Killed a bag of meat
   118 | D        | Noticed a bag of meat
   118 | D        | Noticed a sculptor of flesh
   119 | D        | Killed a meat berserker
   120 | D        | Noticed a destroyer
   120 | D        | Noticed a meat beast
   120 | D        | Killed a bag of meat
   121 | D        | Killed a bag of meat
   121 | D        | Killed a meat beast
   122 | D        | Noticed a bag of meat
   123 | D        | Killed a bag of meat
   124 | D        | Killed a bag of meat
   124 | D        | Killed a sculptor of flesh
   125 | D        | Noticed a fleshlord
   125 | D        | Killed an observer
   126 | D        | Killed a tyrant
   126 | D        | Killed a bag of meat
   126 | D        | Killed a destroyer
   127 | D        | Killed a large bag of meat
   127 | D        | Killed an observer
   129 | D        | Noticed a meat berserker
   129 | D        | Killed a dread
   131 | D        | Noticed a meat berserker
   131 | D        | Noticed a meat beast
   132 | D        | Killed a bag of meat
   133 | D        | Noticed a bag of meat
   134 | D        | Noticed a bag of meat
   134 | D        | Noticed a meat beast
   134 | D        | Killed a meat berserker
   134 | D        | Killed a bag of meat
   137 | D        | Noticed a bag of meat
   137 | D        | Noticed a fleshlord
   137 | D        | Killed a fleshlord
   137 | D        | Killed a wretched soul
   138 | D        | Noticed a meat berserker
   138 | D        | Killed a meat berserker
   138 | D        | Killed an observer
   138 | D        | Killed a meat beast
   139 | D        | Killed a meat beast
   140 | D        | Killed a meat berserker
   141 | D        | Noticed a meat beast
   141 | D        | Killed an accursed
   142 | D        | Noticed a meat beast
   143 | D        | Noticed a fleshlord
   143 | D        | Noticed a meat berserker
   143 | D        | Killed a fleshlord
   143 | D        | Killed a large bag of meat
   144 | D        | Noticed a meat berserker
   144 | D        | Killed a bag of meat
   144 | D        | Killed a fleshlord
   144 | D        | Killed a meat beast
   144 | D        | Killed a bag of meat
   145 | D        | Noticed a bag of meat
   145 | D        | Noticed a meat berserker
   145 | D        | Killed a meat berserker
   145 | D        | Killed a meat beast
   146 | D        | Noticed a fleshlord
   146 | D        | Noticed an accursed
   146 | D        | Noticed a tyrant
   147 | D        | Noticed a destroyer
   147 | D        | Killed an accursed
   148 | D        | Noticed an accursed
   148 | D        | Killed a meat berserker
   149 | D        | Noticed a bag of meat
   149 | D        | Killed a destroyer
   150 | D        | Killed a meat berserker
   150 | D        | Killed a tyrant
   150 | D        | Killed a bag of meat
   151 | D        | Noticed The Meatlord
   151 | D        | Killed a bag of meat
   152 | D        | Noticed a bag of meat
   152 | D        | Killed a fleshlord
   153 | D        | Killed from afar by The Meatlord

Vault maps used:
D:        meatsprint

Action                   |  1- 3 |  4- 6 |  7- 9 | 10-12 | 13-15 | 16-18 | 19-21 | 22-24 | 25-27 || total
-------------------------+-------+-------+-------+-------+-------+-------+-------+-------+-------++-------
Melee: Executioner's axe |     1 |       |       |     1 |     3 |     5 |     7 |    11 |    72 ||   100
Invok: Greater Servant o |       |       |       |       |       |       |       |       |     4 ||     4
 Stab: Distracted        |       |       |       |       |       |       |       |       |     1 ||     1
